 Dungeon Crawl Stone Soup version 0.24-a0-784-g601f8f6d22 (webtiles) character file.

Game seed: 2998213479769712543, levelgen mode: deterministic

939 HumanIsDead the Conjurer (level 8, -1/52 HPs)
             Began as a Human Fire Elementalist on Oct 9, 2019.
             Slain by an orc warrior
             ... wielding a +0 war axe
              (10 damage)
             ... on level 6 of the Dungeon.
             The game lasted 00:27:53 (8986 turns).

HumanIsDead the Conjurer (Human Fire Elementalist)  Turns: 8986, Time: 00:27:53

Health: -1/52      AC:  4    Str: 10    XL:     8   Next: 34%
Magic:  6/15       EV: 12    Int: 15    God:
Gold:   270        SH:  5    Dex: 15    Spells: 7/16 levels left

rFire    . . .     SeeInvis .   f - +2 short sword (speed)
rCold    . . .     Gourm    .   b - +0 buckler
rNeg     . . .     Faith    .   a - +0 robe
rPois    .         Spirit   .   (no helmet)
rElec    .         Reflect  .   w - +0 cloak
rCorr    .         Harm     .   t - +0 pair of gloves
MR       .....                  (no boots)
Stlth    ++........             (no amulet)
HPRegen  0.17/turn              (no ring)
MPRegen  0.14/turn              (no ring)

@: no status effects
A: no striking features
a: no special abilities


You were on level 6 of the Dungeon.
You were not hungry.

You visited 1 branch of the dungeon, and saw 6 of its levels.

You collected 270 gold pieces.

Inventory:

Hand Weapons
 f - a +2 short sword of speed (weapon)
 i - a +0 hunting sling
 v - a +0 trident
Missiles
 j - 113 stones (quivered)
Armour
 a - a +0 robe (worn)
 b - a +0 buckler (worn)
 t - a +0 pair of gloves (worn)
 w - a +0 cloak (worn)
Jewellery
 c - a +3 ring of evasion {unknown}
 k - a +3 ring of dexterity {unknown}
Scrolls
 e - 4 scrolls of remove curse {unknown}
 h - 2 scrolls of enchant armour {unknown}
 n - a scroll of blinking {unknown}
 q - a scroll of amnesia {unknown}
 s - 4 scrolls of identify
 u - a scroll of teleportation
 x - a scroll of immolation {unknown}
Potions
 d - a potion of brilliance {unknown}
 g - a potion of mutation
 l - a potion of haste
 m - a potion of agility {unknown}
 o - a potion of lignification {unknown}
 r - a potion of berserk rage {unknown}
 z - a potion of flight {unknown}
Comestibles
 p - 5 rations
 B - 3 chunks of flesh


   Skills:
 - Level 2.0 Dodging
 - Level 2.0 Stealth
 - Level 4.0 Shields
 + Level 4.9 Spellcasting
 - Level 5.0 Conjurations
 - Level 2.0 Summonings
 - Level 4.0 Fire Magic


You had 7 spell levels left.
You knew the following spells:

 Your Spells              Type           Power        Failure   Level  Hunger
a - Flame Tongue          Conj/Fire      ###..        2%          1    None
b - Call Imp              Summ           #.......     11%         2    ##.....
c - Conjure Flame         Conj/Fire      ###.....     8%          3    ###....
d - Mephitic Cloud        Conj/Pois/Air  #.......     26%         3    ###....

Your spell library contained the following spells:

 Spells                   Type           Power        Failure   Level  Hunger
 Magic Dart               Conj           ###.         2%          1    None
 Throw Flame              Conj/Fire      ###...       3%          2    ##.....
 Inner Flame              Hex/Fire       #.......     22%         3    ###....
 Blink                    Tloc           N/A          26%         2    ##.....
 Slow                     Hex            #.......     26%         2    ##.....
 Sticky Flame             Conj/Fire      ###.....     26%         4    ####...
 Fireball                 Conj/Fire      ###.......   56%         5    ######.


Dungeon Overview and Level Annotations

Branches:
Dungeon (6/15)
 Temple: D:4-7

Altars:
Ashenzari
Cheibriados
Fedhas
Kikubaaqudgha
Yredelemnul
The Shining One

Annotations:
D:3 1 runed translucent door, MalarOregon's ghost, amateur DrCj
D:4 3 runed translucent doors, Amen's ghost, novice GrFi; Johnny's ghost, weakling DgEE; Tiareth's ghost, amateur DgWz
D:6 Dowan; Duvessa


Message History

The orc warrior is heavily wounded.
The orc warrior hits you with a +0 war axe!!
* * * LOW HITPOINT WARNING * * *
Unknown command.
Your white imp hits the orc warrior but does no damage.
You see here a centaur barding.
Your white imp hits the orc warrior.
Your white imp freezes the orc warrior.
The orc warrior hits your white imp with a +0 war axe!!
Your white imp dies!
You block the orc warrior's attack.
The orc warrior shouts!
Okay, then.
Okay, then.
It was a potion of curing.
You feel better.
The orc warrior hits you with a +0 war axe!
* * * LOW HITPOINT WARNING * * *
Unknown command.
You feel better.
The orc warrior hits you with a +0 war axe!
You die...

#.#.).....#.
#..<........
#.#......... #
#......[..
######.........
#...........#..
#..............
#....[o.#.###..
#....@..#.# .
#.......#.#
######### #


You could see an orc warrior.

Vanquished Creatures
  A sky beast (D:5)
  An orc warrior (D:2)
  2 ogres
  A scorpion (D:4)
  A hound (D:5)
  An orc wizard (D:2)
  2 orc priests
  A bullfrog skeleton (D:5)
  A worker ant (D:5)
  4 gnolls
  9 adders
  A shadow imp (D:3)
  3 dart slugs
  A worm (D:2)
  5 leopard geckos
  11 orcs
  4 giant cockroaches
  11 goblins
  7 hobgoblins
  4 jackals (D:4)
  7 kobolds
  6 quokkas
  9 bats
  3 frilled lizards
  A jackal zombie (D:6)
  A leopard gecko skeleton (D:5)
  6 rats
104 creatures vanquished.

Vanquished Creatures (collateral kills)
  A sky beast (D:5)
  2 ogres (D:5)
  An orc priest (D:3)
  A worker ant (D:4)
  4 gnolls
  An orc (D:3)
  2 quokkas
  A rat (D:3)
13 creatures vanquished.

Grand Total: 117 creatures vanquished

Notes
Turn   | Place    | Note
-------+----------+-------------------------------------------
     0 | D:1      | HumanIsDead the Human Fire Elementalist began the quest for
                  | the Orb.
     0 | D:1      | Reached XP level 1. HP: 13/13 MP: 3/3
   186 | D:1      | Reached XP level 2. HP: 12/19 MP: 0/5
   691 | D:1      | Reached XP level 3. HP: 24/24 MP: 4/6
  1108 | D:2      | Found a shattered altar of Ashenzari.
  1114 | D:2      | Noticed an orc warrior
  1195 | D:1      | Learned a level 2 spell: Call Imp
  1232 | D:2      | Reached skill level 1 in Shields
  1293 | D:2      | Reached XP level 4. HP: 30/30 MP: 5/7
  1501 | D:2      | Reached skill level 2 in Conjurations
  2404 | D:2      | Found a snail-covered altar of Cheibriados.
  2572 | D:2      | Reached XP level 5. HP: 35/35 MP: 3/8
  2575 | D:2      | Found an ancient bone altar of Kikubaaqudgha.
  2617 | D:2      | Found a blossoming altar of Fedhas.
  2982 | D:2      | Found a shattered altar of Ashenzari.
  3143 | D:2      | Found a blossoming altar of Fedhas.
  3143 | D:2      | Found an ancient bone altar of Kikubaaqudgha.
  3155 | D:2      | Found a snail-covered altar of Cheibriados.
  3733 | D:2      | Found a blossoming altar of Fedhas.
  3733 | D:2      | Found an ancient bone altar of Kikubaaqudgha.
  3839 | D:2      | Found a snail-covered altar of Cheibriados.
  3906 | D:2      | Found a shattered altar of Ashenzari.
  4396 | D:2      | Killed an orc warrior
  4396 | D:2      | Reached skill level 1 in Summonings
  4396 | D:2      | Reached XP level 6. HP: 32/41 MP: 1/10
  4733 | D:3      | Reached skill level 3 in Conjurations
  5244 | D:3      | Found a runed translucent door.
  5291 | D:3      | Noticed MalarOregon's ghost (amateur DrCj)
  5777 | D:3      | Learned a level 3 spell: Conjure Flame
  6008 | D:4      | Found a glowing golden altar of the Shining One.
  6215 | D:4      | Found a runed translucent gate.
  6215 | D:4      | Found a runed translucent gate.
  6250 | D:4      | Reached XP level 7. HP: 45/46 MP: 5/12
  7286 | D:4      | Found a runed translucent gate.
  7286 | D:4      | Noticed Johnny's ghost (weakling DgEE)
  7286 | D:4      | Noticed Amen's ghost (novice GrFi)
  7287 | D:4      | Noticed Tiareth's ghost (amateur DgWz)
  7439 | D:5      | Entered Level 5 of the Dungeon
  7831 | D:5      | Reached skill level 4 in Conjurations
  7839 | D:5      | Learned a level 3 spell: Mephitic Cloud
  8065 | D:5      | Reached XP level 8. HP: 50/52 MP: 6/14
  8795 | D:5      | Reached skill level 5 in Conjurations
  8864 | D:6      | Found a basalt altar of Yredelemnul.
  8864 | D:6      | Noticed Duvessa
  8864 | D:6      | Noticed Dowan
  8985 | D:6      | HP: 1/52 [orc warrior/+0 war axe (13)]
  8986 | D:6      | Slain by an orc warrior

Levels and vault maps discovered:
D:1:      giann_wishing_wells, layout_basic
D:2:      layout_basic, grunt_temple_overflow_growth_and_decay,
          cheibriados_altar_1, lemuel_crystal_altar
D:3:      layout_rooms, ebering_ghost_reflecting_pool, grunt_decor_clamped
D:4:      layout_layer_cave, nicolae_tso_carved_into_rock, first_ration,
          gammafunk_ghost_cemetery, moated_statue
D:5:      layout_loops_cross
D:6:      layout_basic, grunt_temple_overflow_lords_of_destruction,
          overflow_temple_1_default, minmay_large_rounded_square, uniq_duvessa,
          uniq_menkaure, uniq_pikel, uniq_crazy_yiuf_cottage

Skill      XL: |  1  2  3  4  5  6  7  8 |
---------------+-------------------------+-----
Shields        | 1 2 3 4 |  4.0
Conjurations   | 2 3 4 5 |  5.0
Fire Magic     | 4 |  4.0
Spellcasting   | 3 4 |  4.9
Summonings     | 1 2 |  2.0
Dodging        | |  2.0
Stealth        | |  2.0

Action                   |  1- 3 |  4- 6 |  7- 9 || total
-------------------------+-------+-------+-------++-------
Melee: Unarmed           |     3 |       |       ||     3
       Short sword       |    11 |    25 |    11 ||    47
Throw: Stone             |       |     1 |     4 ||     5
 Cast: Flame Tongue      |    44 |   106 |    96 ||   246
       Call Imp          |     1 |    18 |    22 ||    41
  Use: Scroll            |       |     3 |     1 ||     4
       Potion            |       |       |     2 ||     2
 Stab: Sleeping          |     1 |     1 |       ||     2
       Distracted        |       |       |     1 ||     1
  Eat: Chunk             |     1 |    10 |    10 ||    21
       Ration            |       |     2 |       ||     2
Armor: Robe              |     2 |    14 |     8 ||    24
Dodge: Dodged            |    18 |    57 |    33 ||   108
Block: Buckler           |       |       |     2 ||     2

Table legend:
 A = Non-vault XP
 B = Vault XP
 C = Vault XP percentage of total XP
 D = Non-vault monster count
 E = Vault monster count
 F = Vault count percentage of total count
                 A         B        C        D         E       F
            +---------+---------+-------+---------+---------+-------
      Total |    1342 |       0 |   0.0 |     117 |       0 |   0.0
            +---------+---------+-------+---------+---------+-------
        D:1 |      29 |       0 |   0.0 |      17 |       0 |   0.0
        D:2 |     294 |       0 |   0.0 |      31 |       0 |   0.0
        D:3 |     168 |       0 |   0.0 |      31 |       0 |   0.0
        D:4 |     259 |       0 |   0.0 |      17 |       0 |   0.0
        D:5 |     588 |       0 |   0.0 |      19 |       0 |   0.0
        D:6 |       4 |       0 |   0.0 |       2 |       0 |   0.0
            +---------+---------+-------+---------+---------+-------
